 Dungeon Crawl Stone Soup version 0.30.0-29-ga12c61a403 (webtiles) character file.

Game seed: 17343548615443501160

2963 cheesebisquit the Ruffian (level 9, -3/87 HPs)
             Began as a Troll Monk on June 2, 2023.
             Hit by a large rock thrown by a cyclops (41 damage)
             ... on level 7 of the Dungeon on June 3, 2023.
             The game lasted 00:20:39 (5865 turns).

cheesebisquit the Ruffian (Troll Monk)              Turns: 5865, Time: 00:20:39

Health: -3/87      AC:  5    Str: 29    XL:     9   Next: 52%
Magic:  8/8        EV: 16    Int:  8    God:
Gold:   369        SH:  0    Dex: 12    Spells: 8/8 levels left

rFire   . .          .
                       - Unarmed
rCold   . . .        c - orb {light}
rNeg    . . .        u - +0 robe {Will+}
rPois   .            (helmet restricted)
rElec   .            p - +0 cloak
rCorr   .            (gloves unavailable)
SInv    .            (boots unavailable)
Will    +....        (no amulet)
Stlth   +            j - +6 ring of strength
HPRegen 1.14/turn    r - +5 ring of evasion
MPRegen 0.11/turn

%: no passive effects
@: mighty, glowing
A: large, unfitting armour, claws 3, regeneration 1, shaggy fur 1, tough skin 1
a: no special abilities


You were on level 7 of the Dungeon.
You visited 2 branches of the dungeon, and saw 8 of its levels.

You collected 369 gold pieces.

Inventory:

Hand Weapons
 y - a +1 antimagic flail
Missiles
 g - 10 poisoned darts
 A - 2 boomerangs (quivered)
 C - a curare-tipped dart
Armour
 c - an orb of light (worn)
 p - a +0 cloak (worn)
 u - a +0 robe of willpower (worn)
Jewellery
 j - a +6 ring of strength (left claw)
 r - a +5 ring of evasion (right claw)
Wands
 q - a wand of flame (4)
 B - a wand of paralysis (4)
Scrolls
 a - 5 scrolls of identify
 f - 2 scrolls of poison {unknown}
 h - a scroll of summoning {unknown}
 i - a scroll of blinking
 m - 2 scrolls of brand weapon {unknown}
 t - 2 scrolls of vulnerability {unknown}
 w - 2 scrolls of teleportation
 x - a scroll of magic mapping {unknown}
 D - a scroll of amnesia {unknown}
 E - 3 scrolls of immolation {unknown}
Potions
 b - a potion of ambrosia
 d - 2 potions of might
 e - 3 potions of magic
 k - a potion of attraction {unknown}
 l - a potion of haste {unknown}
 n - 2 potions of mutation {unknown}
 o - 9 potions of curing
 s - 2 potions of cancellation {unknown}
 v - a potion of flight {unknown}
 z - a potion of heal wounds {unknown}


   Skills:
 + Level 4.9 Fighting
 + Level 4.3 Throwing
 + Level 3.9 Armour
 + Level 4.7 Dodging
 + Level 2.9 Stealth
 * Level 7.8 Unarmed Combat


You had 8 spell levels left.
You didn't know any spells.
Your spell library contained the following spells:

 Spells                   Type           Power      Damage    Failure   Level
 Apportation              Tloc           0%         N/A       41%         1
 Kiss of Death            Conj/Necr      0%         2d5       41%         1
 Necrotise                Necr           0%         1d4       41%         1
 Sting                    Tmut/Pois      0%         1d3       41%         1
 Summon Small Mammal      Summ           0%         N/A       41%         1
 Poisonous Vapours        Pois/Air       0%         N/A       54%         2
 Sublimation of Blood     Necr           0%         N/A       54%         2
 Wereblood                Tmut           0%         N/A       54%         2
 Confusing Touch          Hex            0%         N/A       78%         3
 Dispel Undead            Necr           0%         3d6       99%         4
 Olgreb's Toxic Radiance  Pois           0%         N/A       99%         4
 Petrify                  Tmut/Erth      0%         N/A       99%         4
 Metabolic Englaciation   Hex/Ice        0%         N/A       100%        5
 Statue Form              Tmut/Erth      0%         N/A       100%        6
 Summon Hydra             Summ           0%         N/A       100%        7


Dungeon Overview and Level Annotations

Branches:
Dungeon (7/15)             Temple (1/1) D:7

Altars:
Ashenzari
Cheibriados
Elyvilon
Fedhas
Gozag
Hepliaklqana
Kikubaaqudgha
Makhleb
Nemelex Xobeh
Okawaru
Ru
Sif Muna
Trog
Uskayaw
Vehumet
Wu Jian
Xom
Yredelemnul
Zin
The Shining One


Innate Abilities, Weirdness & Mutations

You are too large for most types of armour.
You have claws for hands.
Your natural rate of healing is unusually fast.
You are covered in fur. (AC +1)
You have tough skin. (AC +1)


Message History

You feel very mighty all of a sudden.
You throw a boomerang. The boomerang hits the manticore!
The manticore is lightly wounded.
The manticore flicks its tail.
The volley of spikes hits you!
The barbed spikes become lodged in your body.
You throw a boomerang.
The boomerang hits the manticore but does no damage.
The manticore is lightly wounded.
The manticore flicks its tail.
The volley of spikes misses you.
You throw a boomerang.
The boomerang hits the manticore but does no damage.
The manticore is lightly wounded.
You mangle the manticore!!
The manticore is heavily wounded.
The manticore bites you!! The manticore completely misses you.
The manticore closely misses you.
You mangle the manticore!!
The manticore is almost dead.
The manticore misses you.
The manticore claws you but does no damage.
The manticore barely misses you.
You claw the manticore!
You kill the manticore!
You carefully extract the barbed spikes from your body.
The gargoyle hurls a stone arrow at you.
The stone arrow hits you!!
You are too injured to fight recklessly!
Throw: 2 boomerangs
Press: ? - help, Q - select action, (/) - cycle Shift-Dir - straight line, f - gargoyle
Aim: a gargoyle, wielding a +0 flail (haloed, 93% to hit)
You throw a boomerang.
The boomerang hits the gargoyle but does no damage.
You claw the gargoyle!
The gargoyle is severely damaged.
You mangle the gargoyle!!
You destroy the gargoyle!
The cyclops throws a large rock.
The large rock hits you!!!
You die... ##############.##### ♣}.?♣ ♣♣.♣♣### .~~~. #♣.♣.♣#.. #~~~# #.♣♣♣.### ~~~ #♣.♣†♣### (W!

♣♣.♣♣#.. #C#
♣.♣ ### ♣)♣
♣♣.♣♣#
♣♣♣♣♣♣@♣♣♣♣♣♣
♣P~≈≈#
♣......$....♣
#♣~P♣♣#
♣...........♣
#~♣♣♣
♣..+#####+..♣
#♣~.♣ ♣. #..♣
♣.~♣♣### ♣
#..♣♣♣♣♣♣~♣#..
#......~.~.#..
#..♣♣♣~P~≈~#..
#..♣ #~♣♣~♣#..


You could see a cyclops and a wraith.

Vanquished Creatures
  A manticore (D:7)
  A gargoyle (D:7)
  A troll (D:6)
  A wyvern (D:7)
  A steam dragon (D:7)
  A water moccasin (D:5)
  2 sky beasts (D:6)
  An ice beast (D:7)
  An orc warrior (D:6)
  A phantom (D:5)
  A kobold brigand (D:7)
  A gnoll sergeant (D:7)
  2 scorpions
  8 wights (D:7)
  2 jellies
  A hound (D:4)
  3 orc priests
  Jessica (D:2)
  A sleepcap (D:6)
  An iguana (D:5)
  11 orc wizards
  Robin (D:2)
  10 gnolls
  9 adders
  2 river rats (D:5)
  A white imp (D:6)
  An ufetubus (D:5)
  A worm (D:2)
  2 dart slugs
  22 orcs
  8 ball pythons
  10 endoplasms
  4 giant cockroaches
  14 goblins
  9 hobgoblins
  2 jackals (D:2)
  4 quokkas
  5 bats
  6 frilled lizards
  13 kobolds
  5 rats
172 creatures vanquished.

Notes
Turn   | Place    | Note
-------+----------+-------------------------------------------
     0 | D:1      | cheesebisquit the Troll Monk began the quest for the Orb.
     0 | D:1      | Reached XP level 1. HP: 22/22 MP: 0/0
    77 | D:1      | Reached XP level 2. HP: 29/29 MP: 1/1
   506 | D:2      | Reached XP level 3. HP: 36/36 MP: 2/2
   612 | D:2      | Found a faded altar of an unknown god.
   622 | D:2      | Noticed Robin
   660 | D:2      | Killed Robin
   788 | D:2      | Reached XP level 4. HP: 44/44 MP: 3/3
   928 | D:2      | Noticed Jessica
   932 | D:2      | Killed Jessica
   966 | D:2      | Reached skill level 1 in Armour
   978 | D:2      | Reached skill level 1 in Throwing
  1030 | D:2      | Reached skill level 4 in Unarmed Combat
  1755 | D:3      | Reached XP level 5. HP: 48/53 MP: 4/4
  1851 | D:3      | Found a shimmering blue altar of Sif Muna.
  2078 | D:3      | Reached skill level 1 in Stealth
  2391 | D:4      | Found a basalt altar of Yredelemnul.
  2449 | D:4      | Reached XP level 6. HP: 59/61 MP: 5/5
  2818 | D:5      | Entered Level 5 of the Dungeon
  3050 | D:5      | Reached XP level 7. HP: 67/67 MP: 6/6
  3052 | D:5      | Reached skill level 5 in Unarmed Combat
  3113 | D:5      | Identified the +1 ring mail "Tiurphaa" {+Blink Str+3}
  4100 | D:5      | Found an opulent altar of Gozag.
  4100 | D:5      | Found a broken altar of Ashenzari.
  4435 | D:6      | Reached XP level 8. HP: 78/78 MP: 7/7
  4467 | D:6      | Noticed a troll
  4472 | D:6      | Killed a troll
  4473 | D:6      | Reached skill level 6 in Unarmed Combat
  5505 | D:7      | Found a staircase to the Ecumenical Temple.
  5514 | Temple   | Entered the Ecumenical Temple
  5571 | D:7      | Upgraded the game from 0.30.0-20-g3b4254fcbd to
                  | 0.30.0-29-ga12c61a403
  5674 | D:7      | Reached skill level 7 in Unarmed Combat
  5674 | D:7      | Reached XP level 9. HP: 85/85 MP: 8/8
  5854 | D:7      | Noticed a gargoyle
  5855 | D:7      | Noticed a cyclops
  5855 | D:7      | Noticed a manticore
  5862 | D:7      | Killed a manticore
  5865 | D:7      | Killed a gargoyle
  5865 | D:7      | Hit by a large rock thrown by a cyclops

Illustrated notes

Levels and vault maps discovered:
D:1:      tarquinn_simple_flora_water_c, layout_rooms,
          hangedman_decor_peaks_small, serial_park_tiny_2
D:2:      layout_basic, nicolae_ecumenical_lake_church, uniq_robin, uniq_jessica
D:3:      layout_basic, kennysheep_orc_sif_temple
D:4:      layout_rooms, overflow_temple_1_default,
          minmay_a_box_with_orc_wizards_in_it
D:5:      layout_layer_cave, gammafunk_temple_overflow_statue,
          portal_sewer_entry_a, minmay_pentangle
D:6:      layout_gridville
D:7:      nzn_winding_woodlands_large [nzn_winding_woodlands_hourglass,
          nzn_winding_woodlands_5x15_lazy_stream,
          nzn_winding_woodlands_5x5_closed_star,
          nzn_winding_woodlands_center_lodge,
          nzn_winding_woodlands_15x15_killbox,
          nzn_winding_woodlands_center_triple_pond,
          nzn_winding_woodlands_5x5_perimeter, nzn_winding_woodlands_5x15_twine,
          nzn_winding_woodlands_5x5_three], layout_loops_cross, temple_hall,
          due_unseen_surprise
Temple:   nicolae_temple_x_marks_the_god

Skill      XL: |  1  2  3  4  5  6  7  8  9 |
---------------+----------------------------+-----
Armour         | 1 2 3 |  3.9
Throwing       | 1 2 3 4 |  4.3
Fighting       | 3 4 |  4.9
Unarmed Combat | 4 5 7 |  7.8
Stealth        | 1 2 |  2.9
Dodging        | 3 4 |  4.7

Action                     |  1- 3 |  4- 6 |  7- 9 || total
---------------------------+-------+-------+-------++-------
  Melee: Unarmed           |    88 |    75 |   139 ||   302
  Throw: Dart              |     2 |     1 |    69 ||    72
         Boomerang         |       |   113 |    50 ||   163
    Use: Scroll            |       |     4 |     3 ||     7
         Potion            |       |       |     1 ||     1
   Stab: Sleeping          |       |       |     1 ||     1
 Armour: Robe              |    22 |       |    16 ||    38
         Animal skin       |     3 |    10 |       ||    13
  Dodge: Dodged            |    39 |    39 |    92 ||   170
